 Dungeon Crawl Stone Soup version 0.26.1-11-gd32895ea62 (webtiles) character file.

Game seed: 13414538084391627457

4272 Zeld the Cleaver (level 10, -1/86 HPs)
             Began as a Minotaur Berserker on May 23, 2021.
             Was a High Priest of Trog.
             Killed themself with a badly aimed iceblast (6 damage)
             ... on level 8 of the Dungeon.
             The game lasted 00:09:01 (7850 turns).

Zeld the Cleaver (Minotaur Berserker)               Turns: 7850, Time: 00:09:02

Health: -1/86      AC: 13    Str: 26    XL:     10   Next: 10%
Magic:  9/9        EV:  4    Int:  4    God:    Trog [*****.]
Gold:   373        SH: 12    Dex:  9    Spells: 9/9 levels left

rFire    . . .     SeeInvis .   a - +1 hand axe
rCold    . . .     Faith    .   l - +0 tower shield
rNeg     . . .     Spirit   .   j - +0 plate armour
rPois    .         Reflect  .   (helmet restricted)
rElec    .         Harm     .   v - +1 cloak
rCorr    .         Rampage  .   (no gloves)
Will     .....                  (no boots)
Stlth    ..........             (no amulet)
HPRegen  0.24/turn              (no ring)
MPRegen  0.11/turn              (no ring)

@: no status effects
A: retaliatory headbutt, horns 2
a: Renounce Religion, Berserk, Trog's Hand, Brothers in Arms


You were on level 8 of the Dungeon.
You worshipped Trog.
Trog was extremely pleased with you.
You visited 2 branches of the dungeon, and saw 9 of its levels.
You also visited: Ossuary.

You collected 373 gold pieces.

Inventory:

Hand Weapons
 a - a +1 hand axe (weapon)
 y - a +1 vorpal hand axe
Armour
 j - a +0 plate armour (worn)
 l - a +0 tower shield (worn)
 v - a +1 cloak (worn)
Jewellery
 t - an uncursed ring of protection from fire
Wands
 c - a wand of disintegration (6)
 o - a wand of flame (2)
 B - a wand of iceblast (7)
Scrolls
 b - 5 scrolls of remove curse
 d - 7 scrolls of teleportation
 i - a scroll of enchant armour
 r - a scroll of fear
 s - 3 scrolls of magic mapping
 F - a scroll of blinking
Potions
 e - 7 potions of curing
 f - 3 potions of might {unknown}
 g - 2 potions of brilliance {unknown}
 h - 2 potions of ambrosia {unknown}
 p - a potion of cancellation {unknown}
 q - 2 potions of attraction {unknown}
 u - 2 potions of mutation {unknown}
 w - a potion of resistance {unknown}
 x - 4 potions of flight {unknown}
 A - a potion of magic {unknown}
 C - a potion of heal wounds {unknown}
 D - a potion of lignification {unknown}
 E - 3 potions of haste {unknown}


   Skills:
 * Level 7.0 Fighting
 - Level 14.0 Axes
 - Level 2.4 Armour
 * Level 5.9 Dodging
 * Level 4.3 Evocations


You had 9 spell levels left.
You didn't know any spells.
Your spell library was empty.

Dungeon Overview and Level Annotations

Branches:
Dungeon (8/15)             Temple (1/1) D:4         Ossuary (visited)
   Lair: D:8-11

Altars:
Ashenzari
Dithmenos
Fedhas
Gozag
Hepliaklqana
Kikubaaqudgha
Makhleb
Nemelex Xobeh
Okawaru
Ru
Sif Muna
Trog
Vehumet
Wu Jian
Yredelemnul
Zin
The Shining One

Annotations:
D:8 Psyche


Innate Abilities, Weirdness & Mutations

You reflexively headbutt those who attack you in melee.
You have a pair of horns on your head.


Message History

Something hits you but does no damage.
The killer bee stings your two-headed ogre!
Your two-headed ogre looks even sicker.
The killer bee poisons your two-headed ogre!
Your two-headed ogre barely misses the killer bee. x2
You hit something.
You hear some strange, mumbled words.
A puff of flame appears from out of thin air!
The puff of flame hits you!
* * * LOW HITPOINT WARNING * * *
The killer bee stings your two-headed ogre!
Your two-headed ogre hits the killer bee with a +0 giant club!!
The killer bee dies!
Trog accepts your kill. Something hits you but does no damage.
Aiming: Iceblast
Press: ? - help, Shift-Dir - straight line The mass of ice explodes!
The iceblast engulfs something!
The iceblast engulfs you.
You die...

.....#....#
.........##
........yo##
......###O.##
.....# ##..##
..... ##.h##
.y..
##..######
.y. ##.{....#
# #..@<###
######


You could see a wolf, a killer bee, an orc and a friendly two-headed ogre
(summoned, berserk, fast, very poisoned, drained).

Vanquished Creatures
  Pikel (D:6)
  Maggie (D:6)
  Grinder (D:3)
  Menkaure (D:6)
  2 orc warriors
  An ice beast (D:7)
  A phantom (D:6)
  2 wolves (D:8)
  4 ogres
  A lemure (D:6)
  2 centaurs
  5 bullfrogs
  5 elf skeletons (D:6)
  A scorpion (D:7)
  A howler monkey (D:6)
  2 hounds
  A centaur zombie (D:6)
  A bullfrog zombie (D:7)
  2 human zombies (D:6)
  6 orc priests
  A centaur skeleton (D:7)
  3 jellies
  9 orc wizards
  5 worker ants
  A hound zombie (D:6)
  4 mummies (Ossuary)
  9 adders
  A shadow imp (D:6)
  3 white imps
  An ufetubus (D:7)
  3 oozes
  2 worms
  3 dart slugs
  3 leopard geckos
  23 orcs
  12 bats
  3 gnoll zombies (Ossuary)
  10 goblins
  4 hobgoblins
  6 jackals
  6 kobolds
  2 quokkas
  2 ball pythons
  6 frilled lizards
  4 gnoll skeletons (Ossuary)
  4 goblin skeletons (Ossuary)
  7 goblin zombies (Ossuary)
  2 hobgoblin zombies (Ossuary)
  A jackal skeleton (D:6)
  2 kobold skeletons (Ossuary)
  6 kobold zombies (Ossuary)
  9 orc skeletons
  2 orc zombies
  11 rats
  7 rat skeletons (Ossuary)
  5 rat zombies (Ossuary)
  2 butterflies (D:4)
225 creatures vanquished.

Vanquished Creatures (collateral kills)
  Joseph (D:8)
  Grum (D:8)
  A wyvern zombie (D:8)
  2 killer bees (D:8)
  An adder (D:8)
6 creatures vanquished.

Vanquished Creatures (others)
  2 goblin skeletons (Ossuary)
  A hobgoblin zombie (Ossuary)
3 creatures vanquished.

Grand Total: 234 creatures vanquished

Notes
Turn   | Place    | Note
-------+----------+-------------------------------------------
     0 | D:1      | Zeld the Minotaur Berserker began the quest for the Orb.
     0 | D:1      | Reached XP level 1. HP: 19/19 MP: 0/0
    79 | D:1      | Reached skill level 4 in Axes
   158 | D:1      | Reached XP level 2. HP: 18/26 MP: 1/1
   557 | D:1      | Reached skill level 5 in Axes
   807 | D:1      | Reached XP level 3. HP: 31/31 MP: 2/2
  1654 | D:2      | Reached ** piety under Trog
  1742 | D:2      | Reached skill level 6 in Axes
  1742 | D:2      | Reached XP level 4. HP: 35/39 MP: 3/3
  1838 | D:2      | Found a faded altar of an unknown god.
  1927 | D:2      | Found a glowing golden altar of the Shining One.
  2165 | D:3      | Noticed Grinder
  2175 | D:3      | Killed Grinder
  2176 | D:3      | Reached skill level 8 in Axes
  2176 | D:3      | Reached XP level 5. HP: 45/45 MP: 4/4
  2176 | D:3      | Reached XP level 6. HP: 51/51 MP: 5/5
  2776 | D:4      | Reached skill level 9 in Axes
  2826 | D:4      | Found a staircase to the Ecumenical Temple.
  2985 | Temple   | Entered the Ecumenical Temple
  3321 | D:4      | Reached *** piety under Trog
  3502 | D:4      | Reached XP level 7. HP: 55/57 MP: 6/6
  3674 | D:5      | Entered Level 5 of the Dungeon
  3748 | D:5      | Reached skill level 10 in Axes
  4473 | D:5      | Found a shimmering blue altar of Sif Muna.
  4570 | D:5      | Reached skill level 11 in Axes
  4874 | D:6      | Noticed Maggie
  4875 | D:6      | Reached XP level 8. HP: 64/64 MP: 7/7
  4895 | D:6      | Reached skill level 12 in Axes
  4906 | D:6      | Killed Maggie
  4983 | D:6      | Reached skill level 13 in Axes
  5038 | D:6      | Noticed Pikel
  5054 | D:6      | Killed Pikel
  5054 | D:6      | Reached **** piety under Trog
  5055 | D:6      | Reached XP level 9. HP: 70/70 MP: 8/8
  5057 | D:6      | Reached skill level 14 in Axes
  5175 | D:6      | Reached skill level 1 in Evocations
  5308 | D:6      | Found a sand-covered staircase.
  5320 | Ossuary  | Entered an ossuary
  5687 | Ossuary  | Reached ***** piety under Trog
  5973 | D:6      | Reached skill level 5 in Fighting
  6118 | D:6      | Noticed Menkaure
  6124 | D:6      | Killed Menkaure
  6265 | D:6      | Found a sparkling altar of Nemelex Xobeh.
  6996 | D:7      | Received a gift from Trog
  6999 | D:7      | Reached skill level 5 in Dodging
  7152 | D:7      | Found an ornate altar of the Wu Jian Council.
  7781 | D:8      | Noticed Joseph
  7792 | D:8      | Killed Joseph
  7793 | D:8      | Reached XP level 10. HP: 84/84 MP: 9/9
  7808 | D:8      | Noticed Grum
  7813 | D:8      | Noticed Psyche
  7826 | D:8      | Killed Grum
  7850 | D:8      | Killed themself with a badly aimed iceblast

Illustrated notes

Levels and vault maps discovered:
D:1:      sevenhm_arrival_forest_fort_large_1, layout_basic
D:2:      layout_rooms, lemuel_doored_altar,
          chequers_ecumenical_altar_simple_redux
D:3:      layout_rooms, uniq_grinder
D:4:      layout_loops_ring, minmay_temple_entry_butterflies
D:5:      layout_loops_corners, led_sif_pool
D:6:      layout_loops_ring, nicolae_ossuary_entry_catacombs,
          nemelex_lonely_heart_becter, uniq_menkaure, uniq_maggie, uniq_pikel
D:7:      layout_basic, serial_glass, glass_columns_a, glass_columns_a,
          basic_altar
D:8:      layout_layer_cave, general_overflow_altar, xom_redecorated,
          uniq_prince_ribbit1, uniq_maurice, uniq_joseph, uniq_psyche, uniq_grum
Temple:   nicolae_temple_great_sept

Skill      XL: |  1  2  3  4  5  6  7  8  9 10 |
---------------+-------------------------------+-----
Axes           | 4 5 6 8 9 11 13 14 | 14.0
Fighting       | 6 7 |  7.0
Evocations     | 4 |  4.3
Dodging        | 5 |  5.9
Armour         | |  2.4

Action                   |  1- 3 |  4- 6 |  7- 9 | 10-12 || total
-------------------------+-------+-------+-------+-------++-------
Melee: Hand axe          |    75 |   120 |   425 |     9 ||   629
       Headbutt          |     9 |    20 |    83 |       ||   112
Invok: Berserk           |       |     2 |     4 |       ||     6
       Brothers in Arms  |       |       |     1 |     2 ||     3
  Use: Scroll            |       |       |    13 |       ||    13
       Potion            |       |       |       |     1 ||     1
Armor: Plate armour      |     5 |    68 |   147 |    24 ||   244
Dodge: Dodged            |    74 |    35 |    79 |     1 ||   189
Block: Tower shield      |       |       |    43 |    20 ||    63
